 Dungeon Crawl Stone Soup version 0.30-a0-329-g85436e0a43 (webtiles) character file.

Game seed: 14232557766761288434

1409 XWhyZ the Covered (level 8, -1/71 HPs)
             Began as a Minotaur Berserker on Oct 28, 2022.
             Was a Priest of Trog.
             Hit by a large rock thrown by a cyclops (7 damage)
             ... on level 6 of the Dungeon on Oct 29, 2022.
             The game lasted 01:00:44 (4151 turns).

XWhyZ the Covered (Minotaur Berserker)              Turns: 4151, Time: 01:00:45

Health: -1/71      AC: 14    Str: 24    XL:     8   Next: 42%
Magic:  7/7        EV:  8    Int:  8    God:    Trog [***...]
Gold:   322        SH:  0    Dex: 10    Spells: 7/7 levels left

rFire   + . .      SeeInvis .    o - +9 short sword of Xavybouh {vorpal, Int+4}
rCold   . . .      Faith    .    (no shield)
rNeg    . . .      Spirit   .    f - +0 plate armour
rPois   .          Reflect  .    (helmet restricted)
rElec   .          Harm     .    (no cloak)
rCorr   .          Rampage  .    h - +0 pair of gloves
Will    +....                    (no boots)
Stlth   ..........               (no amulet)
HPRegen 0.31/turn                g - ring of willpower
MPRegen 0.10/turn                C - ring of protection from fire

@: mighty, on berserk cooldown, slowed, very slow
A: horns 2, retaliatory headbutt
a: Renounce Religion, Berserk, Trog's Hand


You were on level 6 of the Dungeon.
You worshipped Trog.
Trog was most pleased with you.
You visited 1 branch of the dungeon, and saw 6 of its levels.

You collected 322 gold pieces.

Inventory:

Hand Weapons
 a - a +0 falchion
 j - a +0 falchion
 m - a +1 dire flail of draining
 o - the +9 short sword of Xavybouh (weapon) {vorpal, Int+4}
   (You found it on level 4 of the Dungeon)

   It inflicts extra damage upon your enemies.
   Int:       It affects your intelligence (+4).
 r - a +4 scimitar of holy wrath
Missiles
 e - 5 curare-tipped darts (quivered)
 q - 28 stones
 t - 4 boomerangs
 v - a throwing net
 w - 6 poisoned darts
Armour
 b - a +0 animal skin
 f - a +0 plate armour (worn)
 h - a +0 pair of gloves (worn)
 l - a +0 scale mail
 p - a +0 ring mail
 u - a +0 helmet
 B - a +2 robe of positive energy
Jewellery
 g - a ring of willpower (left hand)
 C - a ring of protection from fire (right hand)
Wands
 E - a wand of polymorph (14)
Scrolls
 c - 5 scrolls of teleportation {unknown}
 d - 2 scrolls of noise {unknown}
 i - 10 scrolls of identify {unknown}
 n - 3 scrolls of blinking {unknown}
 s - a scroll of poison {unknown}
 x - a scroll of immolation {unknown}
 y - 2 scrolls of summoning {unknown}
 D - a scroll of enchant armour {unknown}
Potions
 A - a potion of lignification {unknown}


   Skills:
 + Level 6.3 Fighting
 + Level 5.4(6.6) Short Blades
 + Level 6.3(7.4) Long Blades
 + Level 7.9 Armour
 + Level 2.7 Dodging
 + Level 1.0 Stealth


You had 7 spell levels left.
You didn't know any spells.
Your spell library was empty.

Dungeon Overview and Level Annotations

Branches:
Dungeon (6/15)
 Temple: D:4-7

Altars:
Cheibriados
Fedhas
Hepliaklqana
Nemelex Xobeh
Okawaru
Vehumet
Wu Jian
The Shining One

Shops:
D:4 [


Innate Abilities, Weirdness & Mutations

You have a pair of horns on your head.
You reflexively headbutt those who attack you in melee.


Message History

Trog accepts your kill.
A cyclops comes into view.
You feel better.
The cyclops throws a large rock.
The large rock hits you!
A sky beast comes into view.
The cyclops barely misses you.
You hit the cyclops.
You headbutt the cyclops, but do no damage.
The cyclops is lightly wounded.
You puncture the cyclops!
The cyclops is moderately wounded.
The cyclops barely misses you. You furiously retaliate!
You headbutt the cyclops. You hit the cyclops.
The cyclops is heavily wounded.
The sky beast barely misses you. The cyclops barely misses you.
You furiously retaliate!
You headbutt the cyclops! You barely miss the cyclops.
The cyclops is severely wounded.
The sky beast hits you. The sky beast shocks you.
The sky beast barely misses you. You furiously retaliate!
You headbutt the sky beast! You puncture the cyclops!
The cyclops is severely wounded.
The cyclops hits you!!
* * * LOW HITPOINT WARNING * * *
The sky beast hits you.
* * * LOW HITPOINT WARNING * * *
The sky beast shocks you.
* * * LOW HITPOINT WARNING * * *
You feel better. The cyclops hits you!
* * * LOW HITPOINT WARNING * * *
The sky beast flickers out of sight!
Deactivating autopickup; reactivate with Ctrl-A.
Something hits you but does no damage. The cyclops attacks as you move away!
The cyclops barely misses you.
Something hits you but does no damage. x2
It was a potion of might.
You feel very mighty all of a sudden.
The cyclops throws a large rock.
The large rock hits you!
You die...

#...........### #...
.............## #...
............... #...
.............. ##..
##............. #..
#...............# ##.
#.C...........# ##.
##............###..
##.@............##†.
#...............#...
##..............>#...
#........>...........
#.....##..............
#....###..............
#....# ##))...........
....# #))##.........
..# #...##........


You could see a cyclops.

Vanquished Creatures
  A steam dragon (D:6)
  Edmund (D:4)
  An orc warrior (D:6)
  A black bear (D:3)
  An ice beast (D:6)
  A phantom (D:5)
  Blork the orc (D:4)
  A bullfrog (D:5)
  2 scorpions
  4 hounds
  2 jellies
  4 iguanas
  2 orc wizards
  10 adders
  3 gnolls (D:3)
  2 river rats (D:5)
  An ufetubus (D:5)
  A worm (D:5)
  3 dart slugs
  16 orcs
  6 ball pythons
  3 endoplasms
  6 giant cockroaches
  2 goblins (D:1)
  10 hobgoblins
  5 jackals
  5 kobolds
  3 quokkas
  6 bats
  A frilled lizard (D:3)
  4 rats
109 creatures vanquished.

Vanquished Creatures (others)
  54 plants (D:4)
54 creatures vanquished.

Grand Total: 163 creatures vanquished

Notes
Turn   | Place    | Note
-------+----------+-------------------------------------------
     0 | D:1      | XWhyZ the Minotaur Berserker began the quest for the Orb.
     0 | D:1      | Reached XP level 1. HP: 19/19 MP: 0/0
   285 | D:2      | Reached XP level 2. HP: 14/27 MP: 1/1
   598 | D:1      | Reached XP level 3. HP: 27/33 MP: 2/2
   633 | D:1      | Found a faded altar of an unknown god.
  1120 | D:2      | Reached ** piety under Trog
  1338 | D:2      | You fall into a shaft and drop 2 floors!
  1452 | D:4      | Found a blossoming altar of Fedhas.
  1557 | D:4      | Reached skill level 5 in Long Blades
  1557 | D:4      | Reached skill level 3 in Armour
  1557 | D:4      | Reached XP level 4. HP: 30/41 MP: 3/3
  1577 | D:4      | Reached skill level 4 in Armour
  1577 | D:4      | Reached XP level 5. HP: 30/47 MP: 4/4
  1606 | D:4      | Noticed Edmund
  1623 | D:4      | Killed Edmund
  1641 | D:4      | Identified the +9 short sword of Xavybouh {vorpal, Int+4}
  1679 | D:4      | Noticed Blork the orc
  1687 | D:4      | Killed Blork the orc
  1688 | D:4      | Reached skill level 5 in Fighting
  1688 | D:4      | Reached skill level 5 in Armour
  1688 | D:4      | Reached XP level 6. HP: 56/56 MP: 5/5
  1780 | D:4      | Found Foaluqewk's Antique Armour Emporium.
  2655 | D:3      | Reached XP level 7. HP: 61/61 MP: 6/6
  2883 | D:4      | You fall into a shaft and drop 2 floors!
  2919 | D:5      | Entered Level 5 of the Dungeon
  2923 | D:5      | Reached *** piety under Trog
  2924 | D:5      | Reached skill level 1 in Short Blades
  2924 | D:5      | Reached skill level 1 in Stealth
  2940 | D:5      | Found a sparkling altar of Nemelex Xobeh.
  3021 | D:5      | Reached skill level 6 in Armour
  3040 | D:5      | Found an iron altar of Okawaru.
  3414 | D:5      | Found an ornate altar of the Wu Jian Council.
  3415 | D:5      | Found a hazy altar of Hepliaklqana.
  3415 | D:5      | Found a glowing golden altar of the Shining One.
  3421 | D:5      | Found a snail-covered altar of Cheibriados.
  3427 | D:5      | Found a radiant altar of Vehumet.
  4077 | D:6      | Reached skill level 7 in Armour
  4077 | D:6      | Reached XP level 8. HP: 66/70 MP: 7/7
  4116 | D:6      | Reached skill level 5 in Short Blades
  4141 | D:6      | Noticed a cyclops
  4151 | D:6      | Hit by a large rock thrown by a cyclops

Illustrated notes

Levels and vault maps discovered:
D:1:      dpeg_arrival_fog, layout_rooms, shapermc_ecumenical_altar_mp_highgroup
D:2:      layout_basic
D:3:      layout_loops_ring, chequers_decorated_corner, grunt_ministairs_15
D:4:      kennysheep_kobold_camp, layout_loops_cross,
          mainiacjoe_overflow_alcove_2, serial_shops,
          nicolae_shop_hallway_stairs, kennysheep_decorative_pillar,
          minmay_pentangle, uniq_edmund, uniq_blork_the_orc
D:5:      layout_loops_ring, mainiacjoe_overflow_small_starburst,
          nemelex_xobeh_ov_fountains_minmay, minitemple, gup_sewer_entry_spiral
D:6:      layout_cave_pods, minmay_manual_monolith

Skill      XL: |  1  2  3  4  5  6  7  8 |
---------------+-------------------------+-----
Fighting       | 4 5 6 |  6.3
Long Blades    | 4 5 6 |  6.3
Armour         | 3 4 5 7 |  7.9
Short Blades   | 3 5 |  5.4
Stealth        | 1 |  1.0
Dodging        | |  2.7

Action                   |  1- 3 |  4- 6 |  7- 9 || total
-------------------------+-------+-------+-------++-------
Melee: Falchion          |   116 |    18 |       ||   134
       Headbutt          |    11 |    10 |    13 ||    34
       Short sword       |       |    50 |   120 ||   170
       Punch             |       |     1 |     1 ||     2
Invok: Berserk           |       |     2 |     1 ||     3
       Trog's Hand       |       |     1 |       ||     1
  Use: Potion            |     3 |     4 |     4 ||    11
Armor: Animal skin       |     2 |       |       ||     2
       Plate armour      |    93 |    36 |    62 ||   191
Dodge: Dodged            |    49 |    23 |    42 ||   114

Table legend: (Time is in decaauts)
 A = Elapsed time spent in this place.
 B = Non-inter-level travel time spent in this place.
 C = Inter-level travel time spent in this place.
 D = Time resting spent in this place.
 E = Time spent auto-exploring this place.
 F = Levels seen in this place.
 G = Mean time per level.
                   A        B        C        D        E       F      G
               +--------+--------+--------+--------+--------+-----+--------+
         Total |   4185 |   4164 |     21 |     25 |    531 |   6 |  697.5 |
       Dungeon |   4185 |   4164 |     21 |     25 |    531 |   6 |  697.5 |
               +--------+--------+--------+--------+--------+-----+--------+

Top non-repeatable levels by time:
     D:5: 1113 daAuts
     D:3: 899 daAuts
     D:2: 824 daAuts
     D:4: 661 daAuts
     D:1: 516 daAuts
     D:6: 169 daAuts
